 Dungeon Crawl Stone Soup version 0.21-a0-404-g291f19a (webtiles) character file.

1074 zxpr0jk the Ducker (level 8, -3/60 HPs)
             Began as a Vampire Gladiator on Oct 27, 2017.
             Was a Follower of Cheibriados.
             Killed from afar by an orc wizard (8 damage)
             ... with a magic dart
             ... on level 5 of the Dungeon.
             The game lasted 00:12:00 (3702 turns).

zxpr0jk the Ducker (Vampire Gladiator)              Turns: 3702, Time: 00:12:01

Health: -3/60      AC:  6    Str: 17    XL:     8   Next: 7%
Magic:  17/17      EV: 17    Int: 12    God:    Cheibriados [*.....]
Gold:   232        SH:  0    Dex: 18    Spells: 7/7 levels left

rFire    . . .     SeeInvis +   e - +0 lajatang
rCold    . . .     Gourm    .   (shield currently unavailable)
rNeg     . . .     Faith    .   b - +0 leather armour
rPois    .         Spirit   .   c - +0 helmet
rElec    .         Reflect  .   (no cloak)
rCorr    .         Harm     .   x - +0 pair of gloves
MR       +....                  f - +0 pair of boots
Stlth    +.........             k - amulet of inaccuracy (curse)
HPRegen  0.40/turn              i - ring of protection from magic
MPRegen  0.15/turn              d - ring of magical power (curse)

@: regenerating quickly, very slow
A: fangs 3, see invisible, unbreathing
a: Bend Time, Renounce Religion


You were on level 5 of the Dungeon.
You worshipped Cheibriados.
Cheibriados was aware of your devotion.
You were almost alive.

You visited 2 branches of the dungeon, and saw 6 of its levels.

You collected 232 gold pieces.

Inventory:

Hand Weapons
 a - a +0 long sword
 e - a +0 lajatang (weapon)
Armour
 b - a +0 leather armour (worn)
 c - a +0 helmet (worn)
 f - a +0 pair of boots (worn)
 x - a +0 pair of gloves (worn)
Jewellery
 d - a cursed ring of magical power (right hand)
 i - a ring of protection from magic (left hand)
 k - a cursed amulet of inaccuracy (around neck)
Wands
 p - a wand of acid (7/15)
 t - a wand of digging (15/24)
Scrolls
 g - a scroll of fear {unknown}
 h - 7 scrolls of identify {unknown}
 j - 3 scrolls of remove curse {unknown}
 o - a scroll of magic mapping {unknown}
 u - a scroll of enchant armour {unknown}
 v - a scroll of immolation {unknown}
Potions
 l - 2 potions of cancellation {unknown}
 m - 2 potions of lignification {unknown}
 n - 4 potions of blood
 q - 3 potions of magic {unknown}
 r - 2 potions of curing {unknown}
 s - a potion of heal wounds {unknown}


   Skills:
 - Level 4.1 Fighting
 - Level 6.6 Long Blades
 + Level 1.1 Staves
 - Level 1.5 Throwing
 - Level 7.2 Dodging


You had 7 spell levels left.
You didn't know any spells.

Dungeon Overview and Level Annotations

Branches:
Dungeon (5/15)             Temple (1/1) D:4

Altars:
Ashenzari
Cheibriados
Dithmenos
Elyvilon
Nemelex Xobeh
Ru
Sif Muna
Vehumet
Wu Jian
Xom
Zin
The Shining One


Innate Abilities, Weirdness & Mutations

Your natural rate of healing is unusually fast.
You have razor-sharp teeth.
You have supernaturally acute eyesight. (SInv)
You can survive without breathing.


Message History

You miss the orc wizard.
The orc wizard gestures wildly while chanting.
The orc wizard blinks!
The orc wizard hits you but does no damage.
The orc wizard points at you and mumbles some strange words.
The magic dart hits you!
* * * LOW HITPOINT WARNING * * *
Items here: ) ††† a whip; a worm corpse; an orc corpse; a worker ant corpse You barely miss the orc wizard.
The orc wizard hits you with a dagger.
* * * LOW HITPOINT WARNING * * *
The orc wizard hits you with a dagger.
* * * LOW HITPOINT WARNING * * *
You hit the orc wizard.
You bite the orc wizard, but do no damage.
The orc wizard is lightly wounded.
The orc wizard misses you. The orc wizard casts a spell at you.
The magic dart hits you!
You die...

. .## ..# .>...# #.#
......# #.# .>.>..#
##########.## .....#
......o@....# #oo.#
..$#######..#############
###..#............
#...#.............
..#####....#............
..(.......#######...####
..#####..## #...# #..#
###...### #..# #.......#


You could see an orc wizard.

Vanquished Creatures
  3 phantoms (D:4)
  2 ogres (D:4)
  A howler monkey (D:5)
  A crimson imp (D:5)
  A hound (D:5)
  An orc priest (D:5)
  A bullfrog skeleton (D:4)
  An iguana (D:4)
  An orc wizard (D:3)
  4 worker ants
  A hound zombie (D:5)
  Robin (D:2)
  8 gnolls (D:3)
  14 adders
  2 adder skeletons
  2 worms
  2 dart slugs
  5 leopard geckos
  4 orcs (D:3)
  8 giant cockroaches
  14 goblins
  12 hobgoblins
  3 jackals (D:3)
  A quokka (D:3)
  5 bats
  4 frilled lizards
  A jackal skeleton (D:4)
  4 kobolds
  9 rats
116 creatures vanquished.

Notes
Turn   | Place    | Note
-------+----------+-------------------------------------------
     0 | D:1      | zxpr0jk the Vampire Gladiator began the quest for the Orb.
     0 | D:1      | Reached XP level 1. HP: 16/16 MP: 1/1
   110 | D:1      | Reached XP level 2. HP: 18/22 MP: 2/2
   566 | D:1      | Reached XP level 3. HP: 27/27 MP: 3/3
   772 | D:2      | Reached skill level 4 in Dodging
   782 | D:2      | Noticed Robin
   818 | D:2      | Killed Robin
  1016 | D:2      | Reached XP level 4. HP: 34/34 MP: 4/4
  1561 | D:3      | Reached XP level 5. HP: 33/39 MP: 5/5
  1625 | D:3      | Reached skill level 5 in Dodging
  1947 | D:3      | Reached XP level 6. HP: 32/47 MP: 6/6
  2401 | D:4      | Found a staircase to the Ecumenical Temple.
  2415 | Temple   | Entered the Ecumenical Temple
  2472 | Temple   | Became a worshipper of Cheibriados the Contemplative
  2552 | D:4      | Reached skill level 5 in Long Blades
  2561 | D:4      | Found a radiant altar of Vehumet.
  2643 | D:4      | Reached skill level 6 in Dodging
  2732 | D:4      | Reached XP level 7. HP: 29/52 MP: 7/7
  3481 | D:5      | Entered Level 5 of the Dungeon
  3485 | D:5      | Reached skill level 7 in Dodging
  3537 | D:5      | Reached * piety under Cheibriados
  3615 | D:5      | Reached XP level 8. HP: 57/60 MP: 8/8
  3693 | D:5      | Reached skill level 1 in Staves
  3702 | D:5      | Killed from afar by an orc wizard

Vault maps used:
D:1:      co_arrival_square_in_a_square_in_a_square
D:2:      serial_glass, glass_columns_a, glass_columns_c, uniq_robin
D:4:      old_standard_altar, temple_statues
D:5:      lemuel_castle_with_subvaults, minitemple, first_bread,
          kennysheep_windowed_goal, uniq_sigmund, uniq_ijyb
Temple:   minmay_crystal_spiral_temple

Skill      XL: |  1  2  3  4  5  6  7  8 |
---------------+-------------------------+-----
Fighting       | 2 3 4 |  4.1
Dodging        | 4 5 6 7 |  7.2
Long Blades    | 4 5 6 |  6.6
Staves         | 1 |  1.1
Throwing       | |  1.5

Action                   |  1- 3 |  4- 6 |  7- 9 || total
-------------------------+-------+-------+-------++-------
Melee: Long sword        |   101 |   259 |   144 ||   504
       Bite              |    13 |    30 |    28 ||    71
       Lajatang          |       |       |    34 ||    34
Throw: Throwing net      |       |     3 |       ||     3
  Use: Potion            |     2 |       |     3 ||     5
 Stab: Held in net/web   |       |     1 |       ||     1
  Eat: Corpse            |     5 |    12 |     3 ||    20
Armor: Leather armour    |    32 |    59 |    40 ||   131
Dodge: Dodged            |    66 |   191 |   137 ||   394
       Rpst.: Long sword |    26 |    73 |    34 ||   133

Table legend:
 A = Spawn XP
 B = Non-spawn XP
 C = Spawn XP percentage of total XP
 D = Spawn monster count
 E = Non-spawn monster count
 F = Spawn count percentage of total count
 G = Total turns spent on level
                    A         B        C        D         E        F      G
               +---------+---------+-------+---------+---------+-------+---------
         Total |       0 |    1535 |   0.0 |       0 |     116 |   0.0 |  3702
               +---------+---------+-------+---------+---------+-------+---------
           D:1 |       0 |      42 |   0.0 |       0 |      24 |   0.0 |   680
           D:2 |       0 |     130 |   0.0 |       0 |      32 |   0.0 |   799
           D:3 |       0 |     255 |   0.0 |       0 |      33 |   0.0 |   922
           D:4 |       0 |     820 |   0.0 |       0 |      16 |   0.0 |   967
           D:5 |       0 |     288 |   0.0 |       0 |      11 |   0.0 |   221
               +---------+---------+-------+---------+---------+-------+---------
